AoeStats
← El Conchetumare

African Clearing

510440676Analyzed
2v2 RM · 2d ago on Oct 1, 2026· 41m 13s· 4 players
Game mode
Random Map
Map size
Medium (4 player)
Population
200
Speed
Normal
Resources
Standard
Victory
Conquest
Starting age
Dark Age
Ending age
Imperial Age
RankedLock teamsTeams togetherTeam positionsShared explorationLock speedFull tech treeHidden civsTurbo modeCheats
Victory
Defeat
🇦🇷 Shu · Argentina
1336
+11
🇨🇴 Magyars · Colombia
1147
+19
🇨🇱 Malay · Chile
1218
-15
🇳🇿 Koreans · New Zealand
1210
-15
El Conchetumare
9:03 Loom
12:57 Feudal Age
16:43 Castle Age
29:05 Forging
31:48 Squires
32:45 Wheelbarrow
34:20 Iron Casting
37:13 Crossbowman
37:46 Fletching
37:57 Padded Archer Armor
37:50 Pikeman
40:52 Bodkin Arrow
Boar_Hunter_Victim
4:24 Loom
14:08 Feudal Age
14:42 Double-Bit Axe
21:19 Man-at-Arms
24:53 Fletching
29:34 Arson
33:41 Scale Mail Armor
LVH.The Scraggy
3:58 Loom
11:52 Feudal Age
13:04 Double-Bit Axe
23:06 Scale Barding Armor
29:21 Castle Age
28:20 Horse Collar
29:24 Bloodlines
30:16 Husbandry
31:31 Bow Saw
31:00 Light Cavalry
35:32 Gold Mining
39:02 Wheelbarrow
LVH.Zoka
10:56 Loom
13:04 Feudal Age
14:08 Double-Bit Axe
16:53 Town Watch
18:18 Fletching
31:46 Castle Age
31:49 Crossbowman
32:39 Bodkin Arrow
40:25 Ballistics
40:58 Thumb Ring
41:17 Bow Saw
Connection lost

Rejoining the realm…

Still unreachable

The connection could not be restored.

Session expired

The server has moved on; the page needs a fresh start.